 Dungeon Crawl Stone Soup version 0.25-a0-253-g6f1b5d974a (webtiles) character file.

Game seed: 17846621787901548668, levelgen mode: classic

38467 Borgoz the Fencer (level 13, -1/118 HPs)
             Began as a Minotaur Gladiator on Dec 5, 2019.
             Was the Champion of Okawaru.
             Slain by a two-headed ogre
             ... wielding a +0 giant spiked club
              (3 damage)
             ... on level 14 of the Dungeon.
             The game lasted 00:37:30 (14406 turns).

Borgoz the Fencer (Minotaur Gladiator)             Turns: 14406, Time: 00:37:30

Health: -1/118     AC: 23    Str: 24    XL:     13   Next: 64%
Magic:  15/15      EV: 18    Int:  5    God:    Okawaru [******]
Gold:   766        SH:  0    Dex: 15    Spells: 16/16 levels left

rFire    . . .     SeeInvis +   a - +6 great sword of Prudence {slice, rC++ SInv}
rCold    + + +     Gourm    +   (shield currently unavailable)
rNeg     + . .     Faith    .   H - +0 chain mail of Damonus {rPois rC+ rN+ Dex+3}
rPois    +         Spirit   .   B - +2 hat
rElec    .         Reflect  .   A - +1 cloak
rCorr    .         Harm     .   t - +2 pair of gloves
MR       +....                  i - +0 pair of boots
Stlth    ..........             r - amulet of the gourmand
HPRegen  0.29/turn              c - ring of protection from magic
MPRegen  0.14/turn              q - +3 ring of evasion

@: no status effects
A: retaliatory headbutt, horns 2, talons 2, cold resistance 1
a: Heroism, Finesse, Renounce Religion


You were on level 14 of the Dungeon.
You worshipped Okawaru.
Okawaru was exalted by your worship.
You were completely stuffed.

You visited 3 branches of the dungeon, and saw 17 of its levels.

You collected 1013 gold pieces.
You spent 247 gold pieces at shops.

Inventory:

Hand Weapons
 a - the +6 great sword of Prudence (weapon) {slice, rC++ SInv}
   (Okawaru gifted it to you on level 11 of the Dungeon)

   It inflicts extra damage upon your enemies.
   It greatly protects you from cold.
   It lets you see invisible.
Missiles
 d - 4 throwing nets (quivered)
Armour
 i - a +0 pair of boots (worn)
 t - a +2 pair of gloves (worn)
 y - +0 acid dragon scales
 A - a +1 cloak (worn)
 B - a +2 hat (worn)
 H - the +0 chain mail of Damonus (worn) {rPois rC+ rN+ Dex+3}
   (You bought it in a shop on level 4 of the Dungeon)

   It affects your dexterity (+3).
   It protects you from cold.
   It protects you from poison.
   It protects you from negative energy.
 I - a +0 buckler of fire resistance
 K - the +17 crystal plate armour "Abruo" {Stlth+}
   (Okawaru gifted it to you on level 13 of the Dungeon)

   It makes you more stealthy.
Jewellery
 c - a ring of protection from magic (left hand)
 g - an uncursed ring of protection from fire
 q - a +3 ring of evasion (right hand)
 r - an amulet of the gourmand (around neck)
Wands
 u - a wand of acid (4)
 z - a wand of digging (9)
 D - a wand of paralysis (9)
 E - a wand of disintegration (7)
Scrolls
 b - 3 scrolls of enchant armour
 j - 4 scrolls of teleportation
 l - 8 scrolls of remove curse
 o - 4 scrolls of blinking
 p - a scroll of fear
 x - 5 scrolls of magic mapping
 C - a scroll of amnesia
 F - 3 scrolls of enchant weapon
 G - a scroll of holy word {unknown}
 J - a scroll of torment {unknown}
 L - a scroll of summoning
Potions
 e - 3 potions of flight
 h - a potion of haste
 k - a potion of heal wounds
 n - a potion of resistance {unknown}
 v - 8 potions of curing
 w - 5 potions of might
 O - a potion of cancellation
Comestibles
 f - 19 rations


   Skills:
 + Level 12.1 Fighting
 * Level 15.5 Long Blades
 - Level 2.0 Throwing
 * Level 15.2 Armour
 + Level 11.4 Dodging
 - Level 2.2 Spellcasting
   Level 2.2 Hexes


You had 16 spell levels left.
You didn't know any spells.
Your spell library contained the following spells:

 Spells                   Type           Power        Failure   Level  Hunger
 Corona                   Hex            #......      56%         1    ##.....
 Slow                     Hex            #.......     71%         2    ###....
 Apportation              Tloc           #.....       87%         1    ##.....
 Foxfire                  Conj/Fire      #...         87%         1    ##.....
 Summon Butterflies       Summ           #.......     87%         1    ##.....
 Tukima's Dance           Hex            #.......     91%         3    ####...
 Inner Flame              Hex/Fire       #.......     97%         3    ####...
 Portal Projectile        Hex/Tloc       #.....       97%         3    ####...
 Conjure Flame            Conj/Fire      #.......     99%         3    ####...
 Lesser Beckoning         Tloc           #.........   99%         3    ####...
 Cause Fear               Hex            #.........   100%        4    #####..
 Leda's Liquefaction      Hex/Erth       #.........   100%        4    #####..
 Sticky Flame             Conj/Fire      #.......     100%        4    #####..
 Alistair's Intoxication  Tmut/Pois      #.......     100%        5    ######.
 Fireball                 Conj/Fire      #.........   100%        5    ######.
 Silence                  Hex/Air        #.........   100%        5    ######.
 Yara's Violent Unravell  Hex/Tmut       #.........   100%        5    ######.
 Deflect Missiles         Chrm/Air       #.........   100%        6    #######
 Invisibility             Hex            #.......     100%        6    #######
 Discord                  Hex            #.........   100%        8    #######


Dungeon Overview and Level Annotations

Branches:
Dungeon (14/15)            Temple (1/1) D:4            Lair (2/6) D:11
    Orc (0/2) D:10         Vaults (0/5) D:13
  Swamp: Lair:2-4    Shoals: Lair:2-4     Snake: Lair:2-4    Spider: Lair:2-4

Altars:
Ashenzari
Cheibriados
Dithmenos
Elyvilon
Fedhas
Gozag
Hepliaklqana
Kikubaaqudgha
Makhleb
Nemelex Xobeh
Okawaru
Qazlal
Ru
Sif Muna
Trog
Uskayaw
Vehumet
Wu Jian
Xom
Yredelemnul
Zin
The Shining One

Shops:
D:4 [   D:5 *   D:6 :   D:12 *

Annotations:
D:14 Nessos
Lair:2 Urug


Innate Abilities, Weirdness & Mutations

You reflexively headbutt those who attack you in melee.
You have a pair of horns on your head.
You have razor-sharp toenails.
Your flesh is cold resistant. (rC+)


Message History

You headbutt the centaur! You slash the centaur!
You kill the centaur!
Okawaru accepts your kill.
Nessos shoots an arrow.
The arrow hits you! The arrow burns you.
The two-headed ogre hits you with a +0 giant spiked club!
The two-headed ogre barely misses you.
Nessos shoots an arrow.
The arrow hits you!
* * * LOW HITPOINT WARNING * * *
The arrow burns you.
* * * LOW HITPOINT WARNING * * *
Nessos shoots an arrow.
The arrow hits you!
* * * LOW HITPOINT WARNING * * *
The arrow burns you.
* * * LOW HITPOINT WARNING * * *
The two-headed ogre completely misses you.
You riposte.
You hit the two-headed ogre. You headbutt the two-headed ogre!
The two-headed ogre is severely wounded.
The two-headed ogre hits you with a cursed -3 giant club.
You die...

..... .... .
... ## ..
###..#. ..
...... .#
#...###..#
#...#....#
.####.#>Oc.#
.c....)@##.#
....#(### c.
.# .. .# ...
# .##


You could see Nessos, a centaur warrior and a two-headed ogre.

Vanquished Creatures
  Rupert (D:13)
  Jorgrun (D:13)
  An ironheart preserver (D:13)
  Josephine (D:13)
  A hydra (D:12)
  3 centaur warriors
  2 two-headed ogres
  3 tengu warriors (D:13)
  The ghost of Nico3ck the Spear-Bearer, a novice DsSk of Okawaru (D:9)
  2 slime creatures (D:12)
  4 unseen horrors
  A deep elf mage (D:13)
  An oklob plant (Lair:1)
  An ugly thing (D:12)
  A cyclops (D:13)
  3 manticores
  Maurice (D:10)
  2 gargoyles
  A spiny frog (shapeshifter) (D:13)
  2 komodo dragons
  The ghost of MisterFreud the Ducker, a novice OpAr of Cheibriados (D:4)
  2 tengu conjurers (D:13)
  6 trolls
  A merfolk (D:9)
  4 hippogriffs
  Sigmund (D:6)
  Eustachio (D:4)
  3 wyverns
  5 wraiths
  A shadow (D:12)
  A vampire (D:9)
  A basilisk (Lair:1)
  15 yaks
  3 neqoxecs (D:9)
  2 vampire mosquitoes
  A hungry ghost (D:12)
  An acid dragon (D:12)
  A water moccasin (Lair:1)
  9 orc warriors
  5 porcupines (D:11)
  An eye of draining (D:11)
  4 sky beasts
  2 phantoms
  8 black bears
  3 ice beasts
  9 centaurs
  4 ogres
  2 wolves
  2 big kobolds
  12 bullfrogs
  A gnoll sergeant (D:5)
  2 wyvern zombies
  2 scorpions
  A water moccasin zombie (D:12)
  2 wyvern skeletons
  12 killer bees
  4 wights
  A howler monkey (D:11)
  2 crimson imps (D:11)
  2 bullfrog zombies
  5 centaur zombies
  4 quasits (D:9)
  4 jellies
  10 hounds
  7 orc priests
  Crazy Yiuf (D:4)
  A bullfrog skeleton (D:11)
  6 iguanas
  Natasha (thrice) (D:2)
  13 orc wizards
  8 worker ants
  A statue (D:4)
  A mummy (D:7)
  11 adders
  12 gnolls
  3 shadow imps
  3 oozes
  An adder zombie (D:10)
  3 worms
  2 dart slugs (D:1)
  6 leopard geckos
  54 orcs
  4 giant cockroaches
  9 goblins
  10 hobgoblins
  4 jackals (D:5)
  3 quokkas
  3 ball pythons
  5 bats
  13 frilled lizards
  A jackal skeleton (D:6)
  16 kobolds
  2 quokka skeletons
  5 rats
407 creatures vanquished.

Vanquished Creatures (others)
  A wyvern skeleton (D:14)
  8 fungi (D:11)
  5 plants (D:11)
14 creatures vanquished.

Grand Total: 421 creatures vanquished

Notes
Turn   | Place    | Note
-------+----------+-------------------------------------------
     0 | D:1      | Borgoz the Minotaur Gladiator began the quest for the Orb.
     0 | D:1      | Reached XP level 1. HP: 18/18 MP: 0/0
   119 | D:1      | Reached skill level 1 in Armour
   119 | D:1      | Reached XP level 2. HP: 21/25 MP: 1/1
   636 | D:1      | Reached XP level 3. HP: 30/30 MP: 2/2
  1369 | D:2      | Reached XP level 4. HP: 38/38 MP: 3/3
  1398 | D:2      | Noticed Natasha
  1401 | D:2      | Killed Natasha
  1433 | D:2      | Found an iron altar of Okawaru.
  1441 | D:2      | Became a worshipper of Warmaster Okawaru
  1477 | D:2      | Noticed Natasha
  1481 | D:2      | Killed Natasha
  1481 | D:2      | Reached skill level 5 in Long Blades
  1481 | D:2      | Reached XP level 5. HP: 31/45 MP: 4/4
  1607 | D:2      | Found a faded altar of an unknown god.
  1811 | D:3      | Found a shattered altar of Ashenzari.
  1947 | D:2      | Noticed Natasha
  1953 | D:2      | Killed Natasha
  2011 | D:3      | Noticed a sky beast
  2028 | D:3      | Killed a sky beast
  2028 | D:3      | Reached XP level 6. HP: 19/52 MP: 5/5
  2248 | D:3      | Reached * piety under Okawaru
  2951 | D:4      | Found a staircase to the Ecumenical Temple.
  2956 | D:4      | Got a transparent ring mail
  2980 | Temple   | Entered the Ecumenical Temple
  3226 | D:4      | Identified the +4 ring mail of Kohus {Str+4 Dex+2 Slay-5}
                  | (You found it on level 4 of the Dungeon)
  3308 | D:4      | Noticed MisterFreud's ghost (novice OpAr)
  3310 | D:4      | Found a transporter.
  3314 | D:4      | Found a transporter.
  3336 | D:4      | Found Huisoi Lyiss's Antique Armour Shop.
  3357 | D:4      | Found a radiant altar of Vehumet.
  3566 | D:4      | Noticed Eustachio
  3582 | D:4      | Killed Eustachio
  3582 | D:4      | Reached skill level 5 in Armour
  3582 | D:4      | Reached XP level 7. HP: 58/60 MP: 6/6
  3891 | D:4      | Found a runed translucent door.
  3892 | D:4      | Noticed Crazy Yiuf
  4167 | D:4      | Killed Crazy Yiuf
  4219 | D:5      | Entered Level 5 of the Dungeon
  4219 | D:5      | Found a shimmering altar of Xom.
  4239 | D:5      | Reached ** piety under Okawaru
  4309 | D:5      | Reached skill level 5 in Dodging
  4317 | D:5      | Reached skill level 5 in Fighting
  4323 | D:5      | Reached XP level 8. HP: 52/68 MP: 7/7
  4647 | D:5      | Found Zin's Purification Station.
  4650 | D:5      | Found a glowing silver altar of Zin.
  4954 | D:6      | Found Syxore's Book Emporium.
  4978 | D:6      | Noticed Sigmund
  4986 | D:6      | Killed Sigmund
  5028 | D:6      | Found a sacrificial altar of Ru.
  5723 | D:7      | Found a shadowy altar of Dithmenos.
  5809 | D:7      | Reached *** piety under Okawaru
  5824 | D:7      | Reached XP level 9. HP: 70/75 MP: 8/8
  6079 | D:7      | Reached skill level 10 in Long Blades
  6079 | D:7      | Reached skill level 10 in Armour
  6079 | D:7      | Reached XP level 10. HP: 90/90 MP: 8/12
  6193 | D:7      | Found a snail-covered altar of Cheibriados.
  6628 | D:4      | Bought a shimmering chain mail for 247 gold pieces
  6638 | D:4      | Identified the +0 chain mail of Damonus {rPois rC+ rN+
                  | Dex+3} (You bought it in a shop on level 4 of the Dungeon)
  6684 | D:4      | Killed MisterFreud's ghost
  7086 | D:8      | Got a translucent hand axe
  7087 | D:8      | Identified the +5 hand axe of the Wolf {freeze, rElec MP-9
                  | Dex+8} (You found it on level 8 of the Dungeon)
  7470 | D:9      | Reached **** piety under Okawaru
  7956 | D:9      | Found a transporter.
  7956 | D:9      | Noticed Nico3ck's ghost (novice DsSk)
  7984 | D:9      | Found a transporter.
  8111 | D:9      | Reached ***** piety under Okawaru
  8129 | D:9      | Found a shimmering altar of Xom.
  8646 | D:10     | Entered Level 10 of the Dungeon
  8670 | D:10     | Reached XP level 11. HP: 71/97 MP: 13/13
  9266 | D:10     | Found an opulent altar of Gozag.
  9325 | D:10     | Found a staircase to the Orcish Mines.
  9363 | D:11     | Noticed Maurice
  9368 | D:10     | Received a gift from Okawaru
  9440 | D:11     | Noticed a centaur warrior
  9452 | D:10     | Killed Maurice
  9991 | D:10     | Killed a centaur warrior
 10053 | D:11     | Reached skill level 10 in Fighting
 10116 | D:11     | Received a gift from Okawaru
 10153 | D:11     | Found a staircase to the Lair.
 10171 | D:11     | Got a fine great sword {god gift}
 10172 | D:11     | Identified the +6 great sword of Prudence {slice, rC++
                  | SInv} (Okawaru gifted it to you on level 11 of the Dungeon)
 10342 | D:11     | Noticed an unseen horror
 10345 | D:11     | Killed an unseen horror
 10426 | D:11     | Noticed a two-headed ogre
 10432 | D:11     | Killed a two-headed ogre
 10776 | D:9      | Gained mutation: Your spells are a little easier to cast,
                  | but a little less powerful. [a neqoxec]
 10782 | D:9      | Lost mutation: Your spells are a little easier to cast, but
                  | a little less powerful. [a neqoxec]
 10913 | D:9      | Gained mutation: Your mind is acute. (Int +2) [a neqoxec]
 10914 | D:9      | Gained mutation: You are weak. (Str -2) [a neqoxec]
 10915 | D:9      | Gained mutation: You are clumsy. (Dex -2) [a neqoxec]
 10917 | D:9      | Gained mutation: You are very clumsy. (Dex -4) [a neqoxec]
 10918 | D:9      | Killed Nico3ck's ghost
 10918 | D:9      | Reached XP level 12. HP: 107/107 MP: 14/14
 10922 | D:9      | Reached ****** piety under Okawaru
 10923 | D:9      | Gained mutation: Your magical capacity is low. (-10% MP) [a
                  | neqoxec]
 11006 | Lair:1   | Entered Level 1 of the Lair of Beasts
 11104 | Lair:1   | Reached skill level 10 in Dodging
 11149 | Lair:1   | Received a gift from Okawaru
 11167 | Lair:1   | Found a shadowy altar of Dithmenos.
 11286 | Lair:1   | Identified a scroll of acquirement
 11703 | Lair:2   | Noticed Urug
 11703 | Lair:2   | Noticed a six-headed hydra
 11840 | Lair:1   | Lost mutation: Your mind is acute. (Int +2) [potion of
                  | mutation]
 11840 | Lair:1   | Lost mutation: Your magical capacity is low. (-10% MP)
                  | [potion of mutation]
 11840 | Lair:1   | Lost mutation: You are very clumsy. (Dex -4) [potion of
                  | mutation]
 11840 | Lair:1   | Lost mutation: You are clumsy. (Dex -2) [potion of
                  | mutation]
 11840 | Lair:1   | Gained mutation: Your magical capacity is low. (-10% MP)
                  | [potion of mutation]
 11840 | Lair:1   | Gained mutation: Your flesh is cold resistant. (rC+)
                  | [potion of mutation]
 11842 | Lair:1   | Lost mutation: You are weak. (Str -2) [potion of mutation]
 11842 | Lair:1   | Gained mutation: You are occasionally teleported next to
                  | monsters. [potion of mutation]
 11842 | Lair:1   | Gained mutation: Your mind is acute. (Int +2) [potion of
                  | mutation]
 11843 | Lair:1   | Lost mutation: Your magical capacity is low. (-10% MP)
                  | [potion of mutation]
 11843 | Lair:1   | Lost mutation: You are occasionally teleported next to
                  | monsters. [potion of mutation]
 11843 | Lair:1   | Lost mutation: Your mind is acute. (Int +2) [potion of
                  | mutation]
 11843 | Lair:1   | Gained mutation: You have sharp toenails. [potion of
                  | mutation]
 11843 | Lair:1   | Gained mutation: You have razor-sharp toenails. [potion of
                  | mutation]
 11994 | D:12     | Found Ponuimpe's Changing Room.
 12015 | D:12     | Noticed a seven-headed hydra
 12021 | D:12     | Killed a nine-headed hydra
 12251 | D:12     | Received a gift from Okawaru
 12510 | D:12     | Noticed a two-headed ogre
 12516 | D:12     | Killed a two-headed ogre
 12900 | D:13     | Noticed Rupert
 12920 | D:13     | Killed Rupert
 12920 | D:13     | Reached XP level 13. HP: 76/116 MP: 15/15
 13094 | D:13     | Noticed an ironheart preserver
 13105 | D:13     | Killed an ironheart preserver
 13118 | D:13     | Received a gift from Okawaru
 13129 | D:13     | Got an encrusted crystal plate armour {god gift}
 13148 | D:13     | Identified the +17 crystal plate armour "Abruo" {Stlth+}
                  | (Okawaru gifted it to you on level 13 of the Dungeon)
 13198 | D:13     | Found a gate to the Vaults.
 13230 | D:13     | Reached skill level 15 in Long Blades
 13713 | D:14     | Noticed Josephine
 13714 | D:14     | Noticed Jorgrun
 13714 | D:14     | Noticed Nessos
 13725 | D:13     | Killed Josephine
 14064 | D:13     | Killed Jorgrun
 14064 | D:13     | Reached skill level 15 in Armour
 14406 | D:14     | HP: 2/118 [Nessos/arrow (4)]
 14406 | D:14     | Slain by a two-headed ogre

Levels and vault maps discovered:
D:1:      roderic_crop_circles_arrival_small, layout_basic
D:2:      layout_rooms, okawaru_trees_2, chequers_ecumenical_altar_island,
          minmay_lizard_pond, uniq_natasha
D:3:      layout_loops_corners, lemuel_doored_altar
D:4:      layout_loops_ring, vehumet_statue, minmay_temple_entry_grid,
          gammafunk_ghost_smash, serial_shops, shop, uniq_eustachio,
          uniq_crazy_yiuf_cottage
D:5:      layout_loops_ring, zin_purify, first_ration, basic_altar
D:6:      layout_loops_cross, serial_shops, nicolae_shop_crystal,
          nicolae_ru_awakened_eye, uniq_sigmund
D:7:      layout_basic, slow_altar_1, nicolae_dithmenos_the_darkroom
D:8:      layout_basic
D:9:      layout_basic, lemuel_crystal_altar, gammafunk_ghost_stat_death,
          hangedman_fish_farm
D:10:     layout_roguey, orc_0_dummy, grunt_gozag_breadcrumbs
D:11:     layout_cave_pools, due_lair_maze_entry_diamond, uniq_maurice
D:12:     layout_small_grid, nicolae_transmutations_shop
D:13:     layout_roguey, skrybe_vaults_entry_preservation, nrook_mini_vaults,
          uniq_rupert
D:14:     layout_rooms, chequers_avenue, uniq_josephine, uniq_jorgrun,
          uniq_nessos
Temple:   minmay_temple_curvy_branch
Lair:1:   layout_concentric_octagons, lemuel_oklob_altar, grunt_megastairs_5
Lair:2:   layout_cave_shapes, minmay_snake_entry_six_corridors,
          chequers_serial_rivers_micro_a, ice2_lemuel, uniq_sonja, uniq_urug

Skill      XL: |  1  2  3  4  5  6  7  8  9 10 11 12 13 |
---------------+----------------------------------------+-----
Armour         | 1 2 3 4 5 6 8 10 11 12 14 15 | 15.2
Long Blades    | 4 5 6 7 8 10 11 13 14 15 | 15.5
Fighting       | 3 4 5 6 8 9 10 11 12 | 12.1
Dodging        | 4 5 6 8 9 10 11 | 11.4
Spellcasting   | 2 |  2.2
Hexes          | 2 |  2.2
Throwing       | |  2.0

Action                   |  1- 3 |  4- 6 |  7- 9 | 10-12 | 13-15 || total
-------------------------+-------+-------+-------+-------+-------++-------
Melee: Long sword        |    68 |    94 |   182 |   133 |       ||   477
       Headbutt          |    18 |    21 |    52 |   188 |    29 ||   308
       Scimitar          |       |       |       |   240 |       ||   240
       Great sword       |       |       |       |   201 |   102 ||   303
Throw: Throwing net      |       |       |     1 |       |       ||     1
Evoke: Wand              |       |       |       |     4 |     5 ||     9
  Use: Scroll            |     7 |     3 |     4 |    11 |       ||    25
       Potion            |       |       |     1 |     6 |     1 ||     8
 Stab: Sleeping          |     1 |       |       |       |       ||     1
       Held in net/web   |       |       |     1 |       |       ||     1
  Eat: Chunk             |     1 |    19 |    15 |    27 |     5 ||    67
Armor: Leather armour    |    11 |       |       |       |       ||    11
       Ring mail         |     1 |    35 |    66 |     6 |       ||   108
       Chain mail        |       |       |       |   292 |    79 ||   371
Dodge: Dodged            |    57 |    77 |   170 |   560 |   145 ||  1009
       Rpst.: Long sword |    10 |    30 |    41 |    19 |       ||   100
       Scimitar          |       |       |       |    60 |       ||    60
       Great sword       |       |       |       |    42 |    31 ||    73

Table legend:
 A = Non-vault XP
 B = Vault XP
 C = Vault XP percentage of total XP
 D = Non-vault monster count
 E = Vault monster count
 F = Vault count percentage of total count
                 A         B        C        D         E       F
            +---------+---------+-------+---------+---------+-------
      Total |   35498 |   16432 |  31.6 |     351 |      56 |  13.8
            +---------+---------+-------+---------+---------+-------
        D:1 |      57 |       0 |   0.0 |      27 |       0 |   0.0
        D:2 |     174 |      41 |  19.1 |      17 |       7 |  29.2
        D:3 |     216 |       0 |   0.0 |      25 |       0 |   0.0
        D:4 |     166 |     896 |  84.4 |      11 |       6 |  35.3
        D:5 |     826 |       0 |   0.0 |      27 |       0 |   0.0
        D:6 |     255 |     238 |  48.3 |      19 |       1 |   5.0
        D:7 |     960 |      18 |   1.8 |      26 |       1 |   3.7
        D:8 |     469 |       0 |   0.0 |      13 |       0 |   0.0
        D:9 |    3272 |    1851 |  36.1 |      32 |       9 |  22.0
       D:10 |    3526 |     354 |   9.1 |      39 |       1 |   2.5
       D:11 |    4452 |    1460 |  24.7 |      23 |      12 |  34.3
       D:12 |    7788 |       0 |   0.0 |      35 |       0 |   0.0
       D:13 |   10448 |   10487 |  50.1 |      42 |      14 |  25.0
       D:14 |    1954 |     265 |  11.9 |      10 |       2 |  16.7
     Lair:1 |     820 |     822 |  50.1 |       4 |       3 |  42.9
     Lair:2 |     115 |       0 |   0.0 |       1 |       0 |   0.0
            +---------+---------+-------+---------+---------+-------
